 Dungeon Crawl Stone Soup version 0.30.1-4-g462c640d31 (webtiles) character file.

Game seed: 3512783149269674070

12786 Arctor the Transmogrifier (level 11, -1/110 HPs)
             Began as a Black Draconian Transmuter on Sept 10, 2023.
             Was a Believer of Lugonu.
             Slain by a steam dragon (3 damage)
             ... in a volcano.
             The game lasted 00:25:53 (11648 turns).

Arctor the Transmogrifier (DrTm)                   Turns: 11648, Time: 00:25:54

Health: -1/110     AC:  6    Str: 13    XL:     11   Next: 67%
Magic:  0/20       EV: 10    Int: 21    God:    Lugonu [**....]
Gold:   668        SH:  0    Dex: 11    Spells: 7/23 levels left

rFire   . .          .
                       - Unarmed
rCold   + + +        (shield currently unavailable)
rNeg    . . .        (body armour unavailable)
rPois   +            (helmet currently unavailable)
rElec   .            u - melded +2 cloak
rCorr   +            v - melded +2 pair of gloves
SInv    .            E - melded +0 pair of boots
Will    .....        p - amulet of guardian spirit
Stlth   ++           c - ring of Wexeudd {rF+ rCorr Int+3 Stlth+}
HPRegen 0.38/turn    l - +4 ring of slaying
MPRegen 0.17/turn

%: guardian spirit
@: ice-form, very slightly contaminated, studying Dodging
A: freezing attack, amphibious, boosted hp, (breathe lightning), AC +7, large,
unfitting armour, (electricity resistance), (cold-blooded)
a: End Transformation, Renounce Religion, Depart the Abyss, Banish


You were in a volcano.
You worshipped Lugonu.
Lugonu was pleased with you.
You were a creature of crystalline ice.
You visited 2 branches of the dungeon, and saw 10 of its levels.
You visited the Abyss 1 time.
You also visited: Volcano.

You collected 668 gold pieces.

Inventory:

Hand Weapons
 C - a +5 dagger
Missiles
 k - 18 poisoned darts
 A - a throwing net
Armour
 u - a +2 cloak (melded)
 v - a +2 pair of gloves (melded)
 E - a +0 pair of boots (melded)
Magical Staves
 w - a staff of fire
 x - a staff of death
Jewellery
 c - the ring of Wexeudd (left front paw) {rF+ rCorr Int+3 Stlth+}
   (You acquired it on level 2 of the Dungeon)

   [ring of protection from fire]

   Int:       It affects your intelligence (+3).
   rF:        It protects you from fire.
   rCorr:     It protects you from acid and corrosion.
   Stlth:     It makes you more stealthy.
 d - a +6 ring of dexterity
 l - a +4 ring of slaying (right front paw)
 p - an amulet of guardian spirit (around neck)
 D - a ring of resist corrosion
Wands
 n - a wand of flame (85)
 o - a wand of polymorph (7)
 F - a wand of charming (6)
Scrolls
 e - 2 scrolls of magic mapping
 f - 4 scrolls of teleportation
 m - a scroll of fog
 r - 4 scrolls of immolation
 t - 3 scrolls of identify
 y - a scroll of poison
 z - a scroll of silence
 G - a scroll of enchant armour
Potions
 a - a potion of lignification
 b - 2 potions of invisibility
 i - 6 potions of curing
 s - a potion of brilliance
Miscellaneous
 B - a lightning rod (4/4)


   Skills:
 - Level 7.5(3.7) Fighting
 + Level 8.1(4.1) Dodging
 + Level 8.9(4.9) Unarmed Combat
 - Level 6.6(3.3) Spellcasting
 * Level 9.8(5.8) Transmutations
 * Level 5.3(2.6) Earth Magic


You had 7 spell levels left.
You knew the following spells:

 Your Spells              Type           Power      Damage    Failure   Level
a - Beastly Appendage     Tmut           56%        N/A       1%          1
b - Ice Form              Ice/Tmut       15%        N/A       36%         4
c - Blink                 Tloc           6%         N/A       21%         2
d - Call Canine Familiar  Summ           3%         N/A       36%         3
e - Statue Form           Tmut/Erth      14%        N/A       98%         6

Your spell library contained the following spells:

 Spells                   Type           Power      Damage    Failure   Level
 Wereblood                Tmut           28%        N/A       1%          2
 Spider Form              Tmut/Pois      15%        N/A       12%         3
 Summon Small Mammal      Summ           12%        N/A       13%         1
 Cigotuvi's Dreadful Rot  Necr/Pois/Air  6%         N/A       21%         2
 Lesser Beckoning         Tloc           6%         N/A       21%         2
 Momentum Strike          Conj/Tloc      6%         3d8       21%         2
 Poisonous Vapours        Pois/Air       6%         N/A       21%         2
 Petrify                  Tmut/Erth      21%        N/A       22%         4
 Mephitic Cloud           Conj/Pois/Air  3%         N/A       36%         3
 Summon Guardian Golem    Hex/Summ       3%         N/A       36%         3
 Lee's Rapid Deconstruct  Erth           7%         3d6*      75%         5
 Summon Lightning Spire   Summ/Air       3%         N/A       78%         4
 Freezing Cloud           Conj/Ice/Air   1%         6-21      98%         5
 Storm Form               Tmut/Air       7%         N/A       100%        7
 Maxwell's Capacitive Co  Air            1%         ∞         100%        8
 Shatter                  Erth           7%         3d9*      100%        9


Dungeon Overview and Level Annotations

Branches:
Dungeon (9/15)             Temple (0/1) D:7             Orc (1/2) D:9
Volcano (1/1)
   Lair: D:8-11

Altars:
Ashenzari
Dithmenos
Fedhas
Gozag
Nemelex Xobeh
Qazlal
Sif Muna
Trog
Uskayaw
Vehumet
Wu Jian
Xom
The Shining One

Shops:
Orc:1 (

Annotations:
D:7 1 runed translucent door


Innate Abilities, Weirdness & Mutations

You are a creature of crystalline ice.
You have a powerful freezing melee attack.
You are amphibious.
Your maximum health is increased.
Your armour is entirely melded.
You are incapable of wielding weapons or throwing items.
((You can breathe wild blasts of lightning.))
((Your glossy black scales are hard. (AC +7)))
You cannot fit into any form of body armour.
((You are resistant to electric shocks. (rElec)))
((You are cold-blooded and may be slowed by cold attacks.))


Message History

* * * LOW HITPOINT WARNING * * *
Okay, then.
Okay, then.
Casting: Beastly Appendage (safe; 1% risk of failure)
Confirm with . or Enter, or press ? or * to list all spells.
Your horns disappear.
Your talons disappear.
Your +0 pair of boots unmelds from your body.
You turn into a creature of crystalline ice.
Your +2 cloak melds into your body.
Your +2 pair of gloves melds into your body.
Your +0 pair of boots melds into your body.
You are engulfed in a cloud of scalding steam.
The fire bat bites you.
* * * LOW HITPOINT WARNING * * *
You are engulfed in flames.
* * * LOW HITPOINT WARNING * * *
The fire bat bites you but does no damage.
The hell hog misses you.
The steam dragon bites you but does no damage.
The steam dragon closely misses you. The hell hog bites you.
* * * LOW HITPOINT WARNING * * *
You closely miss the fire bat.
The fire bat is moderately wounded.
You are engulfed in a cloud of scalding steam.
* * * LOW HITPOINT WARNING * * *
The fire bat bites you.
* * * LOW HITPOINT WARNING * * *
You are engulfed in flames.
* * * LOW HITPOINT WARNING * * *
The fire bat bites you but does no damage.
The hell hog bites you but does no damage.
The steam dragon bites you.
* * * LOW HITPOINT WARNING * * *
The steam dragon claws you but does no damage.
Unknown command.
You closely miss the fire bat.
The fire bat is moderately wounded.
The fire bat bites you but does no damage.
The hell hog barely misses you. The steam dragon bites you.
You die...

≈≈§§≈≈≈§≈.....##
≈§≈§§§≈§§≈≈≈...##∩##.##
≈§≈≈≈≈≈≈≈≈≈....##.#._.#.#
≈≈§§§§≈§§≈S..# #.#...#.#
≈≈≈≈≈§§≈SS..# #.#...#.#
≈§≈≈≈§§§...## #.......#
§≈≈≈≈§§S...### #D§.....#
≈≈≈≈≈≈≈.....8####DD.....#
≈≈≈§≈≈SS......bbYht.....#
.≈≈§≈§§.....8#######'####
.≈≈§§§.....### #h#
.......##.## ...
########### [...[ $.....$
#$.≈.§.$# #$..8..$#
#########


You could see a hell hog, a fire crab, 3 steam dragons and 2 fire bats.

Vanquished Creatures
  Erolcha (D:9)
  An ugly thing (D:8)
  2 manticores
  Maggie (D:6)
  A kobold demonologist (D:7)
  3 trolls
  3 hornets
  Grinder (D:6)
  Sigmund (D:6)
  2 slime creatures (D:8)
  A vampire (D:6)
  A wyvern (D:9)
  9 yaks (D:9)
  A basilisk (D:7)
  2 wraiths
  Eustachio (D:6)
  4 fire bats (Volcano)
  2 steam dragons
  Menkaure (D:6)
  An acid dragon (D:9)
  Edmund (D:5)
  3 water moccasins
  A nameless horror (D:7)
  9 orc warriors
  2 sky beasts
  4 ice beasts
  2 black bears (D:7)
  5 ogres
  5 centaurs
  A phantom (D:5)
  5 bullfrogs
  3 gnoll sergeants (D:9)
  6 kobold brigands
  9 scorpions
  4 wights (D:8)
  2 howler monkeys
  4 orc priests
  2 hounds
  Crazy Yiuf (D:2)
  A sleepcap (D:5)
  3 iguanas
  7 orc wizards
  12 gnolls
  7 adders
  2 white imps (D:7)
  2 ufetubi
  3 worms
  A dart slug (D:1)
  43 orcs
  8 bats
  7 endoplasms
  5 giant cockroaches
  11 goblins
  7 hobgoblins
  6 kobolds
  3 quokkas
  8 ball pythons
  2 frilled lizards
  8 rats
254 creatures vanquished.

Vanquished Creatures (collateral kills)
  An orc (D:8)
1 creature vanquished.

Grand Total: 255 creatures vanquished

Notes
Turn   | Place    | Note
-------+----------+-------------------------------------------
     0 | D:1      | Arctor the Draconian Transmuter began the quest for the
                  | Orb.
     0 | D:1      | Reached XP level 1. HP: 16/16 MP: 3/3
   140 | D:1      | Reached XP level 2. HP: 17/23 MP: 3/5
   558 | D:1      | Found a faded altar of an unknown god.
   769 | D:1      | Reached XP level 3. HP: 29/29 MP: 4/6
  1242 | D:2      | Identified a scroll of acquirement
  1242 | D:2      | Acquired the ring of Wexeudd {rF+ rCorr Int+3 Stlth+}
  1586 | D:3      | Reached XP level 4. HP: 13/36 MP: 5/7
  1688 | D:3      | Found a shadowy altar of Dithmenos.
  2424 | D:4      | Noticed an ice beast
  2436 | D:4      | Killed an ice beast
  2437 | D:4      | Reached skill level 3 in Transmutations
  2437 | D:4      | Reached XP level 5. HP: 13/44 MP: 9/9
  3008 | D:4      | Reached XP level 6. HP: 51/51 MP: 10/10
  3439 | D:2      | Found a runed translucent door.
  3440 | D:2      | Noticed Crazy Yiuf
  3793 | D:2      | Killed Crazy Yiuf
  3911 | D:5      | Entered Level 5 of the Dungeon
  3925 | D:5      | Noticed Edmund
  3933 | D:5      | Killed Edmund
  4149 | D:5      | Noticed a water moccasin
  4150 | D:5      | Your scales start taking on a glossy black colour.
  4150 | D:5      | Reached XP level 7. HP: 57/57 MP: 12/12
  4150 | D:5      | Gained mutation: You are resistant to electric shocks.
                  | (rElec) [Black Draconian growth]
  4169 | D:5      | Reached skill level 4 in Transmutations
  4347 | D:5      | Found a hide-covered altar of Uskayaw.
  4348 | D:5      | Noticed a +0 dagger
  4349 | D:5      | Noticed a +0 dagger
  4553 | D:5      | Reached skill level 5 in Unarmed Combat
  4588 | D:5      | Reached XP level 8. HP: 63/67 MP: 14/14
  4977 | D:6      | Found a broken altar of Ashenzari.
  5041 | D:6      | Noticed Grinder
  5052 | D:6      | Killed Grinder
  5053 | D:6      | Reached skill level 5 in Fighting
  5053 | D:6      | Reached skill level 5 in Transmutations
  5123 | D:6      | Noticed a troll
  5133 | D:6      | Killed a troll
  5244 | D:6      | Reached skill level 5 in Spellcasting
  5267 | D:6      | Reached skill level 5 in Dodging
  5383 | D:6      | Noticed Sigmund
  5391 | D:6      | Killed Sigmund
  5392 | D:6      | Reached XP level 9. HP: 69/75 MP: 14/16
  5397 | D:6      | Learned a level 4 spell: Ice Form
  5660 | D:6      | Noticed Eustachio
  5670 | D:6      | Killed Eustachio
  5719 | D:6      | Noticed Maggie
  5734 | D:6      | Killed Maggie
  5922 | D:6      | Found a blossoming altar of Fedhas.
  6009 | D:6      | Became a worshipper of Ashenzari the Shackled
  6181 | D:6      | Reached skill level 6 in Transmutations
  6450 | D:6      | Noticed Menkaure
  6458 | D:6      | Killed Menkaure
  6615 | D:7      | Found a staircase to the Ecumenical Temple.
  6648 | D:7      | Found a radiant altar of Vehumet.
  6723 | D:7      | Noticed a troll
  6730 | D:7      | Killed a troll
  6901 | D:7      | Found a glowing golden altar of the Shining One.
  6905 | D:7      | Found a shimmering altar of Xom.
  6945 | D:7      | Reached XP level 10. HP: 84/86 MP: 16/19
  6959 | D:7      | Found a runed translucent door.
  6962 | D:7      | Identified the +2 leather armour "Vejas" {rC++}
  6963 | D:7      | Noticed a manticore
  6975 | D:7      | Noticed a boulder beetle
  7367 | D:7      | Paralysed by a hornet for 1 turns
  7499 | D:7      | Noticed a gargoyle
  7574 | D:7      | Learned a level 2 spell: Blink
  7578 | D:7      | Learned a level 3 spell: Call Canine Familiar
  7674 | D:7      | Reached skill level 7 in Transmutations
  7763 | D:7      | Killed a manticore
  7888 | D:7      | Got the Almanac of Befouled Metamorphosis
  7915 | D:7      | Got the Monograph on the Fault
  7923 | D:7      | Learned a level 6 spell: Statue Form
  7929 | D:7      | Identified the +1 war axe "Dupsum" {flame, rElec rF- rC+
                  | Will++}
  8075 | D:7      | Reached skill level 1 in Earth Magic
  8955 | D:8      | Noticed a white ugly thing
  8967 | D:8      | Killed a white ugly thing
  8971 | D:8      | Reached skill level 8 in Transmutations
  9163 | D:8      | Noticed a manticore
  9174 | D:8      | Killed a manticore
  9624 | D:9      | Reached XP level 11. HP: 92/92 MP: 20/20
  9934 | D:9      | Found a bloodstained altar of Trog.
  9969 | D:9      | Reached skill level 9 in Transmutations
 10596 | D:9      | Found a shimmering blue altar of Sif Muna.
 10597 | D:9      | Found a stormy altar of Qazlal.
 10702 | D:9      | Found an ornate altar of the Wu Jian Council.
 10736 | D:9      | Found an opulent altar of Gozag.
 10760 | D:9      | Found a sparkling altar of Nemelex Xobeh.
 10834 | D:9      | Found a staircase to the Orcish Mines.
 10929 | Orc:1    | Entered Level 1 of the Orcish Mines
 10930 | Orc:1    | Noticed Erolcha
 10942 | Abyss:1  | Cast into level 1 of the Abyss (Erolcha)
 10946 | Abyss:1  | Found a corrupted altar of Lugonu.
 10954 | Abyss:1  | Fell from the grace of Ashenzari
 10954 | Abyss:1  | Became a worshipper of Lugonu the Unformed
 10954 | Abyss:1  | Reached * piety under Lugonu
 10954 | Abyss:1  | Reached ** piety under Lugonu
 10955 | D:9      | Escaped the Abyss
 10962 | D:9      | Killed Erolcha
 10963 | D:9      | Reached skill level 5 in Earth Magic
 11323 | Orc:1    | Found Ycicax's Weapon Emporium.
 11324 | Orc:1    | Found a dark tunnel.
 11329 | Volcano  | Entered a volcano
 11610 | Volcano  | Noticed a fire crab
 11611 | Volcano  | Found a radiant altar of Vehumet.
 11618 | Volcano  | Noticed a hell hog
 11622 | Volcano  | Noticed an obsidian statue
 11647 | Volcano  | HP: 5/110 [fire bat (6)]
 11647 | Volcano  | HP: 2/110 [steam dragon (3)]
 11648 | Volcano  | Slain by a steam dragon

Illustrated notes

Levels and vault maps discovered:
D:1:      elethiomel_arrival_infinity_welcomes_careful_drivers,
          layout_loops_cross, shapermc_ecumenical_altar_ellora
D:2:      layout_basic, nicolae_concentric_dashed_squares_wild, glass_columns_b,
          grunt_ministairs_13, reono_crystal_passage, uniq_crazy_yiuf_cottage
D:3:      layout_basic, mainiacjoe_overflow_surrounded_room
D:4:      layout_loops_ring
D:5:      layout_basic, dancing_weapons_uskayaw, uniq_edmund
D:6:      cheibrodos_barr_body, layout_basic,
          mainiacjoe_overflow_concentric_impassable, lemuel_crystal_altar,
          uniq_sigmund, uniq_menkaure, uniq_grinder, uniq_maggie, uniq_eustachio
D:7:      minmay_the_grid_four_pointed_star [minmay_the_grid_triangle_9x9_alien,
          minmay_the_grid_triangle_9x9_subtriangle,
          minmay_the_grid_triangle_9x9_odd_lines,
          minmay_the_grid_triangle_9x9_limited_checkers,
          minmay_the_grid_prize_trominoes], layout_gridville,
          grunt_temple_overflow_open, lemuel_tele_altar,
          minmay_temple_entry_statues_fountains, chequers_serial_rivers_micro_a
D:8:      layout_gridville, minmay_manual_mail
D:9:      layout_loops_ring, grunt_temple_overflow_cloverleaf,
          mainiacjoe_overflow_divided_tiny,
          kennysheep_orc_monster_closet_entryway, hangedman_corner_corridor
Orc:1:    layout_diamond_mine, serial_shops, nicolae_shop_tiny_waterfront,
          enter_volcano_1, uniq_erolcha
Volcano:  volcano_grotto [vgs_statue_spotlight]

Skill      XL: |  1  2  3  4  5  6  7  8  9 10 11 |
---------------+----------------------------------+-----
Dodging        | 2 3 4 5 6 8 |  8.1
Fighting       | 2 3 4 5 7 |  7.5
Transmutations | 3 4 5 6 8 9 |  9.8
Spellcasting   | 3 4 5 6 |  6.6
Unarmed Combat | 4 5 6 7 8 |  8.9
Earth Magic    | 3 5 |  5.3

Action                     |  1- 3 |  4- 6 |  7- 9 | 10-12 || total
---------------------------+-------+-------+-------+-------++-------
  Melee: Unarmed           |   135 |    47 |    24 |   191 ||   397
         Kick              |    27 |    15 |    31 |    86 ||   159
         Headbutt          |    10 |    11 |    19 |    47 ||    87
         Punch             |     2 |     7 |     4 |    18 ||    31
         Tailslap          |     8 |    10 |    26 |    54 ||    98
         Dagger            |       |    82 |   172 |   227 ||   481
  Throw: Throwing net      |       |       |       |     1 ||     1
   Cast: Beastly Appendage |    33 |    11 |    19 |    26 ||    89
         Ice Form          |       |       |     4 |     9 ||    13
         Call Canine Famil |       |       |       |     5 ||     5
         Blink             |       |       |       |     3 ||     3
 Invoke: Depart the Abyss  |       |       |       |     1 ||     1
         Curse Item        |       |       |       |     1 ||     1
Ability: Breathe Lightning |       |       |     1 |       ||     1
  Evoke: Wand              |       |       |     1 |     1 ||     2
    Use: Scroll            |     5 |     4 |     8 |     3 ||    20
         Potion            |     2 |     2 |     1 |    12 ||    17
   Stab: Sleeping          |     3 |     5 |     3 |     1 ||    12
 Armour: Skin              |    46 |    27 |    56 |   255 ||   384
  Dodge: Dodged            |   100 |    61 |   132 |   401 ||   694
